 Dungeon Sprint DCSS version 0.29-a0-1033-gb6c65ffae6 (webtiles) character file.

Game seed: 411061940859069321

148 lesbiats the Chiller (level 5, -4/49 HPs)
             Began as a Gargoyle Ice Elementalist on Aug 15, 2022.
             Slain by a scorpion (5 damage)
             ... in the Dungeon (Sprint IX: "|||||||||||||||||||||||||||||").
             The game lasted 00:02:39 (189 turns).

lesbiats the Chiller (Gargoyle Ice Elementalist)     Turns: 189, Time: 00:02:40

Health: -4/49      AC:  6    Str: 12    XL:     5   Next: 30%
Magic:  5/13       EV: 12    Int: 17    God:
Gold:   0          SH:  0    Dex: 10    Spells: 15/16 levels left

rFire   . . .      SeeInvis .   h - +0 club
rCold   . . .      Faith    .   (no shield)
rNeg    + . .      Spirit   .   a - +0 robe
rPois   ∞          Reflect  .   (no helmet)
rElec   +          Harm     .   (no cloak)
rCorr   .          Rampage  .   (no gloves)
Will    .....      NoTele   +   (no boots)
Stlth   ..........              (no amulet)
HPRegen 0.16/turn               (no ring)
MPRegen 0.13/turn               (no ring)

@: berserking (expiring), very quick
A: sickness immunity, AC +4, negative energy resistance 1, electricity
resistance, torment resistance 1, petrification resistance
a: no special abilities


You were in the Dungeon.
You visited 1 branch

Inventory:

Hand Weapons
 h - a +0 club (weapon)
Armour
 a - a +0 robe (worn)
Scrolls
 g - a scroll of blinking
Potions
 b - a potion of magic
 e - a potion of haste


   Skills:
 * Level 3.7 Fighting
 + Level 2.2 Maces & Flails
 + Level 2.6 Dodging
 - Level 2.1 Stealth
 * Level 6.2 Spellcasting
 - Level 7.1 Ice Magic


You had 15 spell levels left.
You knew the following spells:

 Your Spells              Type           Power      Damage    Failure   Level
a - Freeze                Ice            100%       1d11      1%          1

Your spell library contained the following spells:

 Spells                   Type           Power      Damage    Failure   Level
 Frozen Ramparts          Ice            58%        1d9       1%          3
 Ozocubu's Armour         Ice            29%        N/A       1%          3
 Hailstorm                Conj/Ice       17%        3d6       28%         4


Dungeon Overview and Level Annotations

Branches:
Dungeon (1/1)

Altars:


Innate Abilities, Weirdness & Mutations

You are immune to sickness and miasma.
Your stone body is resilient. (AC +4)
You are immune to poison.
You resist negative energy. (rN+)
You are resistant to electric shocks. (rElec)
You are resistant to unholy torment.
You are immune to petrification.


Message History

The necrophage is moderately damaged.
The necrophage hits you.
* * * LOW HITPOINT WARNING * * *
A red film seems to cover your vision as you go berserk!
You feel yourself moving faster!
You feel mighty! The necrophage hits you.
* * * LOW HITPOINT WARNING * * *
Unknown command.
You hit the necrophage.
The necrophage is heavily damaged.
You closely miss the necrophage.
The necrophage is heavily damaged.
The necrophage hits you.
* * * LOW HITPOINT WARNING * * *
You hit the necrophage.
The necrophage is severely damaged.
The necrophage completely misses you.
You sock the necrophage!
You destroy the necrophage!
Your Fighting skill increases to level 3!
Your Maces & Flails skill increases to level 2!
Your Spellcasting skill gained 2 levels and is now at level 6!
You have reached level 5!
You hit the scorpion.
The scorpion is moderately wounded.
The scorpion barely misses you.
You hit the scorpion but do no damage.
The scorpion is moderately wounded.
The scorpion closely misses you.
You hit the scorpion.
The scorpion is heavily wounded.
The scorpion stings you.
* * * LOW HITPOINT WARNING * * *
You closely miss the scorpion.
The scorpion is heavily wounded.
The scorpion stings you.
* * * LOW HITPOINT WARNING * * *
You hit the scorpion.
The scorpion is severely wounded.
The scorpion stings you.
You die...

▓.▓
▓.▓
▓.▓
▓.▓
▓.▓
▓'▓
▓)▓
▓s▓
▓@▓
▓<▓
▓▓▓


You could see a scorpion.

Vanquished Creatures
  A necrophage (D)
  A scorpion (D)
  An iguana (D)
  An orc (D)
  An endoplasm (D)
  A giant cockroach (D)
  A goblin (D)
  A hobgoblin (D)
  A rat (D)
9 creatures vanquished.

Notes
Turn   | Place    | Note
-------+----------+-------------------------------------------
     0 | D        | lesbiats the Gargoyle Ice Elementalist began the quest for
                  | the Orb.
     0 | D        | Reached XP level 1. HP: 10/10 MP: 3/3
    18 | D        | Reached skill level 5 in Ice Magic
   145 | D        | Noticed a scorpion
   145 | D        | Noticed a necrophage
   145 | D        | Noticed an iguana
   145 | D        | Noticed a scorpion
   158 | D        | Killed a scorpion
   159 | D        | Reached skill level 1 in Maces & Flails
   159 | D        | Reached skill level 7 in Ice Magic
   159 | D        | Reached XP level 2. HP: 6/16 MP: 2/6
   159 | D        | Reached XP level 3. HP: 7/20 MP: 2/8
   159 | D        | Reached XP level 4. HP: 9/24 MP: 2/9
   183 | D        | Killed a necrophage
   184 | D        | Reached XP level 5. HP: 10/33 MP: 4/13
   187 | D        | HP: 1/49 [scorpion (5)]
   189 | D        | Slain by a scorpion

Illustrated notes

Levels and vault maps discovered:
D:        linesprint [early_d, line_temple, items_1, d_10, items_2, lair_1,
          lair_end, items_3, orc_1, orc_end, items_4, d_15, swamp_1, shoals_1,
          snake_1, spider_1, d_20, vaults_1, items_5, swamp_end, shoals_end,
          snake_end, spider_end, vaults_end, d_27, items_6, zot_1, zot_end,
          crypt_end, forest_end, elf_end, slime_end, tomb_end, abyss_end,
          pan_hell_end]

Skill      XL: |  1  2  3  4 |
---------------+-------------+-----
Ice Magic      | 7 |  7.1
Maces & Flails | 1 2 |  2.2
Dodging        | 2 |  2.6
Spellcasting   | 3 6 |  6.2
Fighting       | 3 |  3.7
Stealth        | |  2.1

Action                   |  1- 3 |  4- 6 || total
-------------------------+-------+-------++-------
Melee: Club              |    15 |    10 ||    25
 Cast: Freeze            |     7 |     9 ||    16
  Use: Potion            |     2 |     3 ||     5
Armor: Robe              |     6 |     1 ||     7
Dodge: Dodged            |    16 |     7 ||    23

Table legend: (Time is in decaauts)
 A = Elapsed time spent in this place.
 B = Non-inter-level travel time spent in this place.
 C = Inter-level travel time spent in this place.
 D = Time resting spent in this place.
 E = Time spent auto-exploring this place.
 F = Levels seen in this place.
 G = Mean time per level.
                   A        B        C        D        E       F      G
               +--------+--------+--------+--------+--------+-----+--------+
         Total |    191 |    191 |      0 |    121 |      0 |   1 |  191.0 |
       Dungeon |    191 |    191 |      0 |    121 |      0 |   1 |  191.0 |
               +--------+--------+--------+--------+--------+-----+--------+

Top non-repeatable levels by time:
       D: 191 daAuts
